Cogmind - Beta 15 @@@ ROGUE MODE // 2025.09.11 @ 12:59:33 Player: lepire Result: Destroyed by Y-45 Defender with Beam Rifle Performance ------------- Evolutions (1) 500 Regions Visited (2) 400 Robots Destroyed (14) 70 Value Destroyed (273) 273 Prototype IDs (0) 0 Alien Tech Used (0) 0 Bonus (0) 0 TOTAL SCORE: 1243 Bonus ------- None Cogmind --------- Core Integrity 0/400 Matter 230/300 Energy 100/100 System Corruption 0% Temperature Cool (9) Movement Core (100) Ox1 Location -9/Materials Parts ------- > --- POWER (1) -------- (None) > --- PROPULSION (2) --- (None) > --- UTILITY (2) ------ Small Storage Unit > --- WEAPON (4) ------- (None) > --- INVENTORY (8) ---- Light Ion Engine Peak State ------------ > --- POWER ------------ Light Ion Engine > --- PROPULSION ------- Light Treads Wheel > --- UTILITY ---------- Small Storage Unit Core Shielding > --- WEAPON ----------- EM Pulse Gun Medium Laser > --- INVENTORY -------- Light Ion Engine Light Treads EM Pulse Gun [Rating: 7] Favorites ----------- Power Light Ion Engine Engine Light Ion Engine Propulsion Light Treads Treads Light Treads Leg Aluminum Leg Wheel Wheel Utility Small Storage Unit Storage Small Storage Unit Protection Core Shielding Weapon Assault Rifle Energy Gun EM Pulse Gun Ballistic Gun Assault Rifle Build | -11 -10 -9 ------- Run | Yrd Mat Mat Slots Evolved 2 | . . 2 Power . | . . . Propulsion . | . . . Utility . | . . . Weapon 2 | . . 2 Parts Attached 7 | . 7 . Power 1 | . 1 . Engine 1 | . 1 . Core . | . . . Reactor . | . . . Propulsion 3 | . 3 . Treads 2 | . 2 . Leg . | . . . Wheel 1 | . 1 . Hover . | . . . Flight . | . . . Utility 1 | . 1 . Device . | . . . Storage . | . . . Processor . | . . . Hackware . | . . . Protection 1 | . 1 . Artifact . | . . . Weapon 2 | . 2 . Energy Gun . | . . . Energy Cannon . | . . . Ballistic Gun 2 | . 2 . Ballistic Cannon . | . . . Launcher . | . . . Special Weapon . | . . . Impact Weapon . | . . . Slashing Weapon . | . . . Piercing Weapon . | . . . Special Melee Weapon . | . . . Unidentified Prototypes . | . . . Parts Lost 8 | . 2 6 Power 2 | . 1 1 Propulsion 3 | . 1 2 Utility 1 | . . 1 Weapon 2 | . . 2 Highest Loss Streak 6 | . 2 6 To Critical Strikes . | . . . Average Backups 1 | 6 1 1 Power 1 | 1 1 1 Propulsion . | 4 . . Utility . | . . . Weapon . | 1 . . Tool/Special . | . . . Unused Backups 12 | . 11 1 Power 2 | . 1 1 Propulsion 6 | . 6 . Utility 1 | . 1 . Weapon 3 | . 3 . Tool/Special . | . . . Average Slot Usage (%) 89 | . 94 60 Engine 11 | . 12 8 Treads 18 | . 18 16 Wheel 7 | . 8 . Storage 13 | . 14 11 Protection 10 | . 11 9 Energy Gun 5 | . 6 . Ballistic Gun 20 | . 21 15 Peak Build Rating 7 | 6 7 7 Average Rating 6 | 6 6 5 On Entrance 6 | 6 6 7 Naked Turns . | . . . Heaviest Build 15 | 12 15 15 Greatest Support 40 | 20 40 40 Greatest Overweight (x) 1 | . 1 . Average Overweight (x) . | . . . Largest Inventory Capacity 8 | 8 8 8 Average Capacity 8 | 8 8 8 Most Carried 6 | 6 6 1 Average Carried 1 | 6 1 1 Final Capacity 8 | 8 8 8 Final Carried 6 | 6 1 1 Class Distribution -------------------- 100% | Mutant Dominant Class ---------------- Mutant | -10/Materials Mutant | -9/Materials Resources | -11 -10 -9 ----------- Run | Yrd Mat Mat Matter Collected 427 | 192 235 . Remotely . | . . . Salvage Created 472 | 92 380 . Parts 30 | 4 26 . Haulers Intercepted . | . . . Recyclers Shooed 1 | . 1 . Parts Field Recycled . | . . . Retrieved Matter . | . . . Parts Self-Destructed . | . . . Prevented . | . . . Kills | -11 -10 -9 ------- Run | Yrd Mat Mat Combat Hostiles Destroyed 7 | . 7 . Guns 7 | . 7 . Classes Destroyed 5 | 1 4 . Worker 3 | . 3 . Builder 2 | . 2 . Recycler 1 | 1 . . Watcher 1 | . 1 . Grunt 7 | . 7 . Best Kill Streak 6 | 1 6 . Combat Bots Only 5 | . 5 . Max Kills in Single Turn 1 | 1 1 . Gunslinging . | . . . Exploded . | . . . Melee . | . . . Uniques/NPCs Destroyed . | . . . Combat | -11 -10 -9 -------- Run | Yrd Mat Mat Hostile Shots Fired 156 | . 49 107 Missed 40 | . 11 29 Hits 116 | . 38 78 Projectile 116 | . 38 78 Critical Strikes 1 | . . 1 Damage Taken 1205 | . 422 783 Core 463 | . 54 409 Absorbed by Shields . | . . . Redirected to Shielding 51 | . 12 39 Core Remaining (%) 89 | 100 78 . Volleys Fired 46 | 1 43 2 Largest 2 | 2 2 2 Hottest 90 | 90 40 40 Shots Fired 92 | 2 86 4 Gun 92 | 2 86 4 Cannon . | . . . Launcher . | . . . Special . | . . . Kinetic 90 | . 86 4 Thermal 1 | 1 . . Explosive . | . . . Electromagnetic 1 | 1 . . Robot Hit Streak 12 | 1 12 10 Robot Miss Streak 2 | 1 2 1 Penetration Max . | . . . Secondary Targets 3 | . 3 . Max Gunslinging Chain 1 | . 1 . Shots Hit Robots 68 | 1 64 3 Core Hits 24 | 1 22 1 Critical Kills . | . . . Critical Parts Destroyed 1 | . 1 . Critical Strikes 1 | . 1 . Destroy 1 | . 1 . Melee Attacks . | . . . Impact . | . . . Slashing . | . . . Piercing . | . . . Sneak Attacks . | . . . Combat Hostiles . | . . . Follow-up Attacks . | . . . Damage Inflicted 856 | 15 781 60 Guns 847 | 15 781 51 Cannons . | . . . Explosions . | . . . Melee . | . . . Ramming 9 | . . 9 Kinetic 832 | . 781 51 Thermal . | . . . Explosive . | . . . Electromagnetic 15 | 15 . . Impact . | . . . Slashing . | . . . Piercing . | . . . Highest Corruption . | . . . Average Corruption . | . . . Corruption Purged . | . . . Corruption Blocked . | . . . Overload Shots . | . . . Overflow Damage . | . . . Projectiles . | . . . Explosions . | . . . Melee . | . . . Knockbacks . | . . . Impact . | . . . Kinetic . | . . . Secondary . | . . . Self-Inflicted Damage . | . . . Shots . | . . . Rammed 1 | . . 1 Targets Rammed 1 | . . 1 Kicked . | . . . Crushed . | . . . Highest Temperature 30 | 30 5 . Average Temperature 13 | 20 4 . Received Heat Transfer 384 | . 228 156 Siege Activations . | . . . Martial Activations . | . . . Shielding Activations . | . . . Robots Disrupted . | . . . Combat Hostiles . | . . . Robots Corrupted . | . . . Combat Hostiles . | . . . Parts Fried . | . . . Impact Corruptions . | . . . Robots Melted . | . . . Combat Hostiles . | . . . Parts Melted . | . . . Heat Transferred . | . . . Parts Sabotaged . | . . . Parts Stolen . | . . . Parts Stripped . | . . . Power Chain Reactions . | . . . Alert | -11 -10 -9 ------- Run | Yrd Mat Mat Maximum Alert Level . | . . . Low Security (%) 100 | 100 100 100 Level 1 . | . . . Level 2 . | . . . Level 3 . | . . . Level 4 . | . . . Level 5 . | . . . High Security . | . . . Max Security . | . . . Peak Influence 96 | 5 96 40 Initial 40 | . 3 40 Average 28 | 5 29 20 Influence Increases 258 | 5 253 . Destroy 0b10 Robot/C 140 | . 140 . Destroy 0b10 Robot/NC 35 | 5 30 . Destroy Leader 32 | . 32 . Successful Hack 5 | . 5 . Destroy Structure 1 | . 1 . Partial Spotted 15 | . 15 . Lose Combat Pursuer 30 | . 30 . Influence Decreases 258 | . 162 96 Entered New Map 58 | . 2 56 Time Decay 160 | . 140 20 Lost Part 40 | . 20 20 Squads Dispatched 4 | . 4 . Investigation 1 | . 1 . Extermination . | . . . Reinforcement 3 | . 3 . Assault . | . . . Garrison . | . . . Intercept . | . . . Searches Triggered . | . . . Construction Impeded . | . . . Haulers Reinforced . | . . . Active Scanning Responses . | . . . Cargo Convoy Interrupts . | . . . Stealth | -11 -10 -9 --------- Run | Yrd Mat Mat Distress Signals . | . . . Communications Jammed . | . . . Distress Signals . | . . . Times Spotted 19 | . 11 8 Peak Tracking Total 8 | . 5 8 Tactical Retreats 2 | . 2 . Traps | -11 -10 -9 ------- Run | Yrd Mat Mat Traps Triggered . | . . . Indirectly . | . . . Trap Hack Attempts . | . . . Triggered . | . . . Disarmed . | . . . Reprogrammed . | . . . Reused . | . . . Traps Extracted . | . . . Installed . | . . . Triggered . | . . . Machines | -11 -10 -9 ---------- Run | Yrd Mat Mat Machines Disabled . | . . . Max in Single Turn . | . . . Machines Repaired . | . . . Machines Dismantled . | . . . Machines Sabotaged . | . . . Overloaded Fab Kills . | . . . Hacking | -11 -10 -9 --------- Run | Yrd Mat Mat Machines Accessed 2 | . 2 . Terminals 2 | . 2 . Fabricators . | . . . Repair Stations . | . . . Recycling Units . | . . . Scanalyzers . | . . . Garrison Access . | . . . Total Hacks 9 | . 9 . Successful 3 | . 3 . Failed 6 | . 6 . Catastrophic . | . . . Database Lockouts . | . . . Manual 3 | . 3 . Terminals 9 | . 9 . Fabricators . | . . . Repair Stations . | . . . Recycling Units . | . . . Scanalyzers . | . . . Garrison Access . | . . . Terminal Hacks 3 | . 3 . Locate Traps 1 | . 1 . Zone Layout 2 | . 2 . Fabricator Hacks . | . . . Repair Station Hacks . | . . . Recycling Unit Hacks . | . . . Scanalyzer . | . . . Garrison Access Hacks . | . . . Unauthorized Hacks . | . . . Terminals . | . . . Fabricators . | . . . Repair Stations . | . . . Recycling Units . | . . . Scanalyzers . | . . . Garrison Access . | . . . Data Cores Recovered . | . . . Used . | . . . Hacking Detections 2 | . 2 . Full Trace Events 1 | . 1 . Feedback Events . | . . . Feedback Blocked . | . . . Robot Schematics Acquired . | . . . Robots Built . | . . . Authchips . | . . . Time . | . . . Total Robot Build Rating . | . . . Part Schematics Acquired . | . . . Parts Built . | . . . Authchips . | . . . Time . | . . . Total Part Build Rating . | . . . Parts Repaired . | . . . Time . | . . . Parts Recycled . | . . . Recycled Matter . | . . . Retrieved Matter . | . . . Retrieved Components . | . . . Parts Scanalyzed . | . . . Part Schematics Acquired . | . . . Parts Damaged . | . . . Bothacking | -11 -10 -9 ------------ Run | Yrd Mat Mat Used RIF Installer . | . . . Robots Hacked . | . . . Non-combat . | . . . Combat . | . . . Robot Hacks Applied . | . . . Relay Couplers Released . | . . . Fabnet Peak Effective % . | . . . Robots Rewired . | . . . Allies Hacked . | . . . Hacks Repelled . | . . . Allies | -11 -10 -9 -------- Run | Yrd Mat Mat Total Allies . | . . . Largest Group . | . . . Highest-Rated Group . | . . . Highest-Rated Ally . | . . . Total Orders . | . . . Ally Attacks . | . . . Total Damage . | . . . Kills . | . . . Allies Corrupted . | . . . Allies Melted . | . . . Intel | -11 -10 -9 ------- Run | Yrd Mat Mat Active Infowar (turns) . | . . . Robot Analysis Total . | . . . Derelict Logs Recovered . | . . . Drone Launches . | . . . Drone Recoveries . | . . . Exploration | -11 -10 -9 ------------- Run | Yrd Mat Mat Turns Passed 553 | 3 483 67 Spaces Moved 329 | 1 305 23 Core . | . . . Treads 85 | . 62 23 Legs 1 | 1 . . Wheels 243 | . 243 . Hover . | . . . Flight . | . . . Fastest Speed 95 | 120 95 160 Average Speed 111 | 120 108 160 Slowest Speed 160 | 120 160 160 Overloaded Moves . | . . . Propulsion Burnouts . | . . . Robots Hopped . | . . . Potential Cave-ins . | . . . Cave-ins Triggered . | . . . Exploration Rate (%) 18 | 2 50 3 Regions Visited 2 Branch Regions . Pre-discovered Areas . | . . . Known Exits Taken . | . . . Unknown Exits Taken 2 | 1 1 . Scrap Searched . | . . . Spaces Dug . | . . . Terrain Destroyed . | . . . Melee . | . . . Projectile . | . . . AOE . | . . . Terrain Rammed . | . . . Walls Destroyed . | . . . Machines Disabled . | . . . Actions | -11 -10 -9 --------- Run | Yrd Mat Mat Total 422 | 1 372 49 Wait 33 | . 10 23 Move 327 | . 304 23 Hop . | . . . Pick Up 2 | . 2 . Fast Attach 2 | . 2 . Attach 1 | . 1 . Detach . | . . . Swap 4 | . 4 . Drop 6 | . 6 . Fire 46 | 1 43 2 Melee . | . . . Ram . | . . . Kick . | . . . Crush 1 | . . 1 Escape Stasis . | . . . Rewire . | . . . Trap . | . . . Miscellaneous . | . . . Route ------- -11/Scrapyard -10/Materials (discovered 2 exits: [*Mat x2]) -9/Materials History --------- Turn | Location | Event 4 | -11/Scrapyard | Discovered new exit (range 0) 4 | -11/Scrapyard | Entered Materials 141 | -10/Materials | Discovered new exit (range 13) 302 | -10/Materials | Build established: Mutant 435 | -10/Materials | Discovered new exit (range 9) 487 | -10/Materials | Entered another Materials area 487 | -9/Materials | Evolved 2 slots: Weapon x2 543 | -9/Materials | Core integrity fell below 50% 550 | -9/Materials | Core integrity fell below 20% 554 | -9/Materials | Destroyed by Y-45 Defender with Beam Rifle Last Messages --------------- 00446_ ALERT: Hostiles spotted, dispatching reinforcements to Terminal M001. 00455_ G-34 Mercenary destroyed. 00474_ U-05 Engineer destroyed. PARAMETERS=WEAPON+2 LOCATION=UNKNOWN GOAL=ESCAPE 00518_ C-30 ARC bursts open, deploying its payload. 00518_ S-10 Pest unfolds itself. 00520_ Assault Rifle destroyed. 00527_ Slammed into S-10 Pest. 00530_ Lgt. Treads destroyed. 00531_ Ion Engine destroyed. 00533_ Assault Rifle destroyed. 00536_ Lgt. Treads destroyed. 00542_ S-10 Pest destroyed. 00542_ Core Shielding destroyed. 00544_ G-34 Mercenary destroyed. 00554_ R-06 Scavenger collects Aluminum Leg. Map ----- +----------------------------------------------------+ | ?????????????????????????????????????????????????? | | ?????????????????????????????????????????????????? | | ?????????????????????????????????????????????????? | | ?????????????????????????????????????????????????? | | ?????????????????????????????????????????????????? | | ?????????????????????????????????????????????????? | | ?????????????????????????????????????????????????? | | ?????????????????????????????????????????????????? | | ?????????????????????????????????????????????????? | | ?????????????????????????????????????????????????? | | ????????????????????????? ???????????????????????? | | ????????????????????????? ???????????????????????? | | ????????????????????????? ???????????????????????? | | ????????????????????????? ???????????????????????? | | ????????????????????????? ???????????????????????? | | ??????????????????????###+###????????????????????? | | ??????????????????????# #????????????????????? | | ??????????????????????# ????????????????????? | | ??????????????????????# ????????????????????? | | ??????????????????????? s ?????????????????????? | | ??????????????????????? r% ?????????????????????? | | ???????????????????????# *#?????????????????????? | | ???????????????????????#%Y%#?????????????????????? | | ???????????????????????#*=%#?????????????????????? | | ???????????????????????# #?????????????????????? | | ???????????????????????# @ #?????????????????????? | | ???????????????????????# #?????????????????????? | | ???????????????????????#s s#?????????????????????? | | ???????????????????????# #?????????????????????? | | ???????????????????????# #?????????????????????? | | ???????????????????????# #?????????????????????? | | ???????????????????????# #?????????????????????? | | ???????????????????????# #?????????????????????? | | ???????????????????????# #?????????????????????? | | ???????????????????????# #?????????????????????? | | ???????????????????????# #?????????????????????? | | ???????????????????????# #?????????????????????? | | ???????????????????????# #?????????????????????? | | ???????????????????????# #?????????????????????? | | ???????????????????????# #?????????????????????? | | ???????????????????????# #?????????????????????? | | ???????????????????????# #?????????????????????? | | ???????????????????????# #?????????????????????? | | ???????????????????????# #?????????????????????? | | ???????????????????????# #?????????????????????? | | ???????????????????????# #?????????????????????? | | ???????????????????????# #?????????????????????? | | ???????????????????????# #?????????????????????? | | ???????????????????????# #?????????????????????? | | ???????????????????????# #?????????????????????? | +----------------------------------------------------+ Best States ------------- Heat Dissipation 28 Energy Generation 10 Energy Capacity 250 Matter Stores 300 Matter Capacity 300 Sight Range 16 Terrain Scan Density 10 Core Shielding 20 Evasion (%) 41 Recoil Reduction 2 Item Schematics ----------------- None Robot Schematics ------------------ None Fabricated ------------ Nothing Repaired ---------- Nothing Alien Tech Used ----------------- None Achievements -------------- None Challenges ------------ None Game ------ Seed FlyingHardenedNetwork Manual? 0 Play Time 00:09:03 Cumulative 55.4 hours Start 2025.09.11 @ 12:50:02 End 2025.09.11 @ 12:59:33 Sessions 1 Manual Loads 0 Difficulty Rogue Special Mode None Game No. 68 Rogue 38 Adventurer 30 Explorer 0 Win Type - Total 0 Types 0/0/0/0/0/0/0/0/0/0 Lore% 26 Gallery% 31 Achievement% 29 Wizard Run 0 Options --------- Layout 1 ASCII 0 Keyboard 1 Movement Arrows Keybinds 0 Fullscreen 1 Font 24/Terminus Map View 50x35 Zoom Use 0% Tactical HUD 1 Map Filters NONE Filters NONE Steam 1 RUN: d302933b-dfee-435b-85b5-fa2d79c74691